Map: Central Protocol

Players

Arranion

  • Race: Zerg Zerg
  • League: Gold

FlynUp - Winner!

  • Race: Protoss Protoss
  • League: Platinum

VOD

Have the link to the VOD?

Description

Time

  • Played on: Feb. 3, 2016, 2:27 a.m.
  • Length: 7:34
Show
View Real Time Build Order
Export as new Build Order

Arranion Zerg 

Build Orders: Hatch First 

Get SALT Encoding   

  12  0:01  Drone  
  13  0:12  Overlord  
  13  0:18  Drone  
  14  0:31  Drone x2  
  14  0:35  Drone  
  17  0:57  Hatchery  
  17  0:58  Drone  
  17  1:01  Drone  
  18  1:07  Drone  
  19  1:13  Extractor  
  18  1:26  Drone  
  18  1:30  Drone  
  18  1:31  Spawning Pool  
  19  1:40  Overlord  
  19  1:55  Extractor  
  19  1:57  Drone  
  19  2:04  Drone  
  20  2:10  Drone  
  20  2:13  Drone  
  22  2:17  Queen  
  22  2:18  Queen  
  27  2:22  Drone  
  27  2:23  Drone  
  28  2:33  Extractor  
  28  2:34  Drone x2  
  29  2:45  Drone x2  
  29  2:46  Roach Warren  
  29  2:50  Metabolic Boost  
  30  3:02  Drone x2  
  32  3:15  Evolution Chamber  
  32  3:16  Drone x4  
  32  3:19  Evolution Chamber  
  34  3:25  Lair  
  34  3:28  Queen  
  34  3:33  Overlord  
  36  3:35  Overlord  
  36  3:43  Zerg Melee Weapons Level 1  
  36  3:55  Zergling x12  
  42  4:03  Zerg Ground Armor Level 1  
  42  4:13  Drone x2  
  42  4:14  Drone x4  
  48  4:18  Extractor  
  48  4:19  Extractor  
  45  4:50  Hatchery  
  44  4:56  Drone x3  
  44  4:57  Hydralisk Den, Drone x3  
  49  5:04  Drone  
  49  5:05  Drone  
  51  5:07  Overlord x3  
  51  5:28  Lurker Den  
  51  5:36  Roach x8  
  66  5:51  Spore Crawler  
  66  5:54  Drone x2  
  66  5:55  Drone x4  
  71  6:01  Zergling x4  
  73  6:05  Spore Crawler  
  70  6:11  Zergling x4  
  70  6:12  Zergling x2  
  73  6:22  Spine Crawler x2  
  73  6:24  Hydralisk x4  
  78  6:28  Ravager  
  78  6:29  Ravager x2  
  64  6:48  Hydralisk x6  
  64  6:58  Zergling x2  
  64  6:59  Zergling x4  
Show
View Real Time Build Order
Export as new Build Order

FlynUp Protoss - Winner!

Build Orders: 1 Gate Expand 

Get SALT Encoding   

  12  0:00  Probe (Chrono Boost)  
  13  0:11  Probe (Chrono Boost)  
  14  0:17  Pylon  
  14  0:23  Probe (Chrono Boost)  
  15  0:36  Probe (Chrono Boost)  
  15  0:39  Gateway  
  16  0:46  Probe (Chrono Boost)  
  16  0:48  Assimilator  
  18  0:57  Probe (Chrono Boost)  
  18  1:24  Nexus  
  18  1:27  Zealot  
  18  1:31  Probe (Chrono Boost)  
  21  1:42  Probe (Chrono Boost)  
  21  1:46  Cybernetics Core  
  22  1:52  Pylon  
  22  2:00  Probe (Chrono Boost)  
  23  2:11  Probe (Chrono Boost)  
  23  2:15  Gateway  
  24  2:21  Probe (Chrono Boost)  
  25  2:24  Adept (Chrono Boost)  
  27  2:34  Mothership Core  
  27  2:36  Probe  
  29  2:37  Pylon  
  29  2:43  Warp Gate  
  30  2:46  Probe  
  31  2:52  Assimilator  
  31  2:58  Gateway  
  31  2:59  Probe  
  31  3:03  Probe  
  32  3:11  Probe  
  33  3:15  Pylon  
  33  3:18  Sentry (Chrono Boost)  
  35  3:20  Probe  
  35  3:23  Probe  
  37  3:30  Probe  
  37  3:32  Pylon  
  38  3:35  Probe  
  39  3:41  Robotics Facility  
  39  3:47  Adept (Chrono Boost)  
  41  3:49  Probe x2  
  43  4:00  Probe  
  43  4:01  Probe  
  45  4:10  Probe  
  45  4:12  Stalker (Chrono Boost)  
  45  4:13  Probe  
  45  4:17  Stalker (Chrono Boost)  
  51  4:21  Probe  
  52  4:25  Probe  
  52  4:28  Immortal (Chrono Boost)  
  57  4:40  Gateway  
  57  4:41  Gateway  
  57  4:48  Probe x2  
  59  5:05  Pylon  
  59  5:07  Adept x3  
  65  5:19  Probe  
  66  5:23  Pylon  
  66  5:24  Probe  
  66  5:25  Assimilator  
  71  5:28  Immortal (Chrono Boost)  
  71  5:31  Stalker x2, Probe, Assimilator  
  71  5:32  Stalker  
  78  5:39  Pylon  
  79  5:45  Stalker x2  
  82  6:07  Adept x3  
  88  6:17  Probe x2  
  88  6:18  Stalker x2  
  94  6:26  Robotics Bay  
  94  6:28  Pylon  
  94  6:29  Probe  
  91  6:51  Stalker x4  
  97  6:55  Probe x2  
  93  7:15  Stalker x5  
Tags
 
Add a new tag
Caveats
  • Supply blocks, unpowered buildings, or Contaminate may cause inaccurate times.
  • Supply counts are checked every 10 seconds.